 Dungeon Crawl Stone Soup version 0.19-a0-1268-g6c5d9f8 (webtiles) character file.

17 Duffy the Chopper (level 2, 0/22 HPs)
             Began as a Formicid Skald on Aug 29, 2016.
             Hit by a stone thrown by a kobold (2 damage)
             ... on level 1 of the Dungeon.
             The game lasted 00:01:01 (814 turns).

Duffy the Chopper (Formicid Skald)                   Turns: 814, Time: 00:01:01

Health: 0/22       AC:  3    Str: 16    XL:     2   Next: 80%
Magic:  5/5        EV: 11    Int: 11    God:
Gold:   59         SH:  0    Dex: 10    Spells: 1 memorised, 4 levels left

rFire  . . .     SeeInvis +     a - +0 hand axe
rCold  . . .     Gourm    .     b - +0 leather armour
rNeg   . . .     Faith    .     (no shield)
rPois  .         Spirit   .     (helmet unavailable)
rElec  .         Dismiss  .     (no cloak)
rCorr  .         Reflect  .     (no gloves)
MR     .....     Harm     .     (no boots)
Stlth  +.........               (no amulet)
                                (no ring)
                                (no ring)

@: lethally poisoned (0 -> -11)
A: permanent stasis, dig shafts and tunnels, four strong arms, antennae 3
a: Dig, Shaft Self


You were on level 1 of the Dungeon.
You were hungry.

You visited 1 branch of the dungeon, and saw 1 of its levels.

You collected 59 gold pieces.

Inventory:

Hand Weapons
 a - a +0 hand axe (weapon)
Armour
 b - a +0 leather armour (worn)
Scrolls
 e - a scroll of identify {unknown}
 f - a scroll of fear {unknown}
 g - a scroll of random uselessness {unknown}
 h - a scroll of immolation {unknown}
Books
 c - a book of Battle

   Spells                             Type                      Level
   a - Infusion                       Charms                       1
   b - Shroud of Golubria             Charms/Translocation         2
   c - Song of Slaying                Charms                       2
   d - Spectral Weapon                Hexes/Charms                 3
   e - Regeneration                   Charms/Necromancy            3
Comestibles
 d - a bread ration


   Skills:
 - Level 2.1 Fighting
 + Level 3.1 Axes
 - Level 1.1 Armour
 - Level 0.8 Dodging
 - Level 2.1 Spellcasting
 - Level 3.0 Charms


You had 4 spell levels left.
You knew the following spells:

 Your Spells              Type           Power        Failure   Level  Hunger
a - Infusion              Chrm           #...         12%         1    ##.....


Dungeon Overview and Level Annotations

Branches:
Dungeon (1/15)

Altars:


Innate Abilities, Weirdness & Mutations

You are under a permanent stasis effect.
You can dig through walls and to a lower floor.
Your four strong arms can wield two-handed weapons with a shield.
You have a pair of large antennae on your head. (SInv)


Message History

You are too injured to fight recklessly!
You are too injured to fight recklessly!
You are too injured to fight recklessly!
You are too injured to fight recklessly!
You are too injured to fight recklessly!
You are too injured to fight recklessly!
You feel sick.
The kobold throws a stone.
The stone hits you but does no damage.
You see here 2 stones.
You feel sick.
It was a potion of haste.
Your stasis keeps you stable.
You feel sick.
The kobold throws a stone.
The stone barely misses you.
You feel sick.
Okay, then.
You feel sick.
You extend your mandibles.
Are you sure you want to shaft yourself?
You feel somewhat more hungry.
You feel sick.
The kobold throws a stone.
The stone hits you.
You die...

#.{.# #.#.### ##### #.#...#
#.... #####.###.# ###
###....#####.....# #.# #.#
...(...(......#### #.###.####
..............# #.....#...
.............(##########.#...
..........((@.'..........'...
..........(..(##########.#...
......#..(K...# #.#...
.......(.(....# #####.#...
..............# #.........
.............# #.....###+
.......=.....# #.....###.
......###+#### ###.......
...... { #.......


You could see a kobold.

Vanquished Creatures
  An ooze (D:1)
  A giant gecko (D:1)
  A bat (D:1)
  A giant cockroach (D:1)
  2 goblins (D:1)
  2 hobgoblins (D:1)
  A kobold (D:1)
  2 rats (D:1)
11 creatures vanquished.

Notes
Turn   | Place    | Note
-------+----------+-------------------------------------------
     0 | D:1      | Duffy the Formicid Skald began the quest for the Orb.
     0 | D:1      | Reached XP level 1. HP: 16/16 MP: 3/3
   360 | D:1      | Reached XP level 2. HP: 15/22 MP: 5/5
   814 | D:1      | Hit by a stone thrown by a kobold

Vault maps used:
D:1:      dpeg_arrival_snail, nrook_mini_backslash, item_on_display_a

Skill      XL: |  1  2 |
---------------+-------+-----
Axes           | 3 |  3.1
Fighting       | |  2.1
Armour         | |  1.1
Dodging        | |  0.8
Spellcasting   | |  2.1
Charms         | |  3.0

Action                   || total
-------------------------++-------
Melee: Hand axe          ||    57
 Abil: Dig               ||     3
       Shaft Self        ||     1
  Use: Potion            ||     1
Armor: Leather armour    ||    16
Dodge: Dodged            ||    48
